 Dungeon Crawl Stone Soup version 0.30-a0-857-gcaf70739d4 (webtiles) character file.

Game seed: 18347537431063272006

88 Mickster the Chopper (level 4, -1/40 HPs)
             Began as a Hill Orc Berserker on Mar 6, 2023.
             Was a Follower of Trog.
             Slain by a scorpion (5 damage)
             ... on level 4 of the Dungeon.
             The game lasted 00:12:05 (1115 turns).

Mickster the Chopper (Hill Orc Berserker)           Turns: 1115, Time: 00:12:05

Health: -1/40      AC:  7    Str: 21    XL:     4   Next: 53%
Magic:  4/4        EV: 11    Int:  7    God:    Trog [*.....]
Gold:   61         SH:  0    Dex: 10    Spells: 3/3 levels left

rFire   . . .      SeeInvis .    a - +0 hand axe
rCold   . . .      Faith    .    (no shield)
rNeg    . . .      Spirit   .    f - +0 leather armour
rPois   .          Reflect  .    (no helmet)
rElec   .          Rampage  .    g - +1 cloak
rCorr   .                        (no gloves)
Will    .....                    e - +1 pair of boots
Stlth   +                        (no amulet)
HPRegen 0.26/turn                (no ring)
MPRegen 0.09/turn                (no ring)

@: lethally poisoned (-1 -> -3)
A: no striking features
a: Renounce Religion, Berserk


You were on level 4 of the Dungeon.
You worshipped Trog.
Trog was aware of your devotion.
You visited 1 branch of the dungeon, and saw 3 of its levels.

You collected 61 gold pieces.

Inventory:

Hand Weapons
 a - a +0 hand axe (weapon)
 c - a +0 mace
 i - a +0 spear
Missiles
 d - 6 stones (quivered)
Armour
 b - a +0 animal skin
 e - a +1 pair of boots (worn)
 f - a +0 leather armour (worn)
 g - a +1 cloak (worn)
 j - the +0 robe of Titimmiy {Stlth+}
   (You found it on level 4 of the Dungeon)

   Stlth:     It makes you more stealthy.
Scrolls
 h - a scroll of butterflies


   Skills:
 + Level 4.2 Fighting
 + Level 5.8 Axes
 + Level 0.3 Throwing
 + Level 2.4 Armour
 + Level 2.0 Dodging


You had 3 spell levels left.
You didn't know any spells.
Your spell library was empty.

Dungeon Overview and Level Annotations

Branches:
Dungeon (4/15)
 Temple: D:4-7

Altars:


Message History

The orc barely misses you.
You hit the scorpion but do no damage.
The scorpion is moderately wounded.
You hit the orc but do no damage. The scorpion stings you.
The orc hits you but does no damage.
You closely miss the scorpion.
The scorpion is moderately wounded.
You barely miss the orc. The scorpion stings you.
You are poisoned.
The scorpion poisons you! The orc closely misses you. The scorpion stings you.
You hit the scorpion but do no damage.
The scorpion is moderately wounded.
You hit the orc but do no damage.
You feel very sick. The orc barely misses you. The scorpion misses you.
You closely miss the scorpion.
The scorpion is moderately wounded.
You hit the orc but do no damage.
You feel sick. The orc closely misses you.
The scorpion stings you but does no damage.
You hit the scorpion but do no damage.
The scorpion is moderately wounded.
You hit the orc.
You feel sick.
The scorpion stings you but does no damage.
The orc barely misses you.
You closely miss the scorpion.
The scorpion is moderately wounded.
You hit the kobold but do no damage. You hit the orc.
You feel sick. The scorpion stings you.
* * * LOW HITPOINT WARNING * * *
The kobold hits you with a +0 whip.
* * * LOW HITPOINT WARNING * * *
The orc closely misses you.
You hit the scorpion but do no damage.
The scorpion is moderately wounded.
You hit the kobold.
You kill the kobold!
Trog accepts your kill.
You closely miss the orc.
You feel sick. The scorpion barely misses you. The orc barely misses you.
The scorpion stings you.
You die...

.........####
#....^......#
........#... #....
#........... #....
#...........
#....####..........
..............#
#........os..###..
#.......)@)......
##........†.......
#........?####....
#..#.......# ... ##
###..##..... ..
##.. ##..###..### .
....##...# #..#
..##......# ##.#
..###.....## .#


You could see a scorpion and an orc.

Vanquished Creatures
  A hound (D:4)
  3 adders
  A worm (D:4)
  A dart slug (D:1)
  An orc (D:4)
  3 endoplasms
  A giant cockroach (D:1)
  2 goblins
  4 hobgoblins
  A ball python (D:1)
  A bat (D:1)
  6 frilled lizards
  4 kobolds
  A rat (D:2)
30 creatures vanquished.

Notes
Turn   | Place    | Note
-------+----------+-------------------------------------------
     0 | D:1      | Mickster the Hill Orc Berserker began the quest for the
                  | Orb.
     0 | D:1      | Reached XP level 1. HP: 19/19 MP: 1/1
   142 | D:1      | Reached XP level 2. HP: 27/27 MP: 2/2
   534 | D:2      | Reached XP level 3. HP: 31/33 MP: 3/3
   537 | D:2      | Reached skill level 5 in Axes
   738 | D:2      | You fall into a shaft and drop 2 floors!
   784 | D:4      | Identified the +0 robe of Titimmiy {Stlth+}
   868 | D:4      | Reached XP level 4. HP: 24/40 MP: 4/4
  1101 | D:4      | Noticed a scorpion
  1115 | D:4      | Slain by a scorpion

Illustrated notes

Levels and vault maps discovered:
D:1:      dpeg_arrival_windows_large_door, layout_loops_ring
D:2:      layout_basic
D:4:      black_bear_nest_1, layout_layer_cave, nicolae_tso_swordbearing_angel

Skill      XL: |  1  2  3  4 |
---------------+-------------+-----
Fighting       | 4 |  4.2
Axes           | 5 |  5.8
Dodging        | 2 |  2.0
Throwing       | |  0.3
Armour         | |  2.4

Action                     |  1- 3 |  4- 6 || total
---------------------------+-------+-------++-------
  Melee: Hand axe          |    65 |    28 ||    93
         Punch             |     1 |     1 ||     2
  Throw: Stone             |     5 |       ||     5
    Use: Scroll            |     6 |     1 ||     7
         Potion            |     1 |       ||     1
 Armour: Animal skin       |     7 |       ||     7
         Leather armour    |    14 |    15 ||    29
  Dodge: Dodged            |    37 |    33 ||    70

Table legend: (Time is in decaauts)
 A = Elapsed time spent in this place.
 B = Non-inter-level travel time spent in this place.
 C = Inter-level travel time spent in this place.
 D = Time resting spent in this place.
 E = Time spent auto-exploring this place.
 F = Levels seen in this place.
 G = Mean time per level.
                   A        B        C        D        E       F      G
               +--------+--------+--------+--------+--------+-----+--------+
         Total |   1104 |   1104 |      0 |    259 |      0 |   3 |  368.0 |
       Dungeon |   1104 |   1104 |      0 |    259 |      0 |   3 |  368.0 |
               +--------+--------+--------+--------+--------+-----+--------+

Top non-repeatable levels by time:
     D:1: 510 daAuts
     D:4: 378 daAuts
     D:2: 216 daAuts
